 Dungeon Crawl Stone Soup version 0.31-a0-844-gdc52ec4e09 (webtiles) character file.

Game seed: 13047946374753838954

1360 rageheart7 the Fighter (level 8, -9/74 HPs)
             Began as a Black Draconian Shapeshifter on Sept 29, 2023.
             Was a Follower of Uskayaw.
             Killed from afar by a gargoyle (12 damage)
             ... with a stone arrow
             ... on level 6 of the Dungeon.
             The game lasted 00:09:24 (5338 turns).

rageheart7 the Fighter (DrSh)                       Turns: 5338, Time: 00:09:24

Health: -9/74      AC:  6    Str: 18    XL:     8   Next: 37%
Magic:  8/8        EV: 12    Int: 10    God:    Uskayaw [*.....]
Gold:   331        SH:  0    Dex: 12    Spells: 7/7 levels left

rFire   . . .        h - +1 short sword (venom)
rCold   . . .        (no shield)
rNeg    . . .        (body armour unavailable)
rPois   .            (helmet currently unavailable)
rElec   +            (cloak currently unavailable)
rCorr   .            a - melded +0 pair of gloves
SInv    .            (boots currently unavailable)
Will    .....        f - amulet of faith Stlth
                     (no ring)
HPRegen 0.32/turn    (no ring)
MPRegen 0.11/turn

%: faith
@: beast-form, silenced
A: beast (slay +1), breathe lightning, AC +6, unfitting armour, electricity
resistance, cold-blooded
a: Breathe Lightning, Begin Untransformation, Renounce Religion


You were on level 6 of the Dungeon.
You worshipped Uskayaw.
Uskayaw was noncommittal.
You were a hulking beast.
You visited 2 branches of the dungeon, and saw 7 of its levels.

You collected 331 gold pieces.

Inventory:

Hand Weapons
 h - a +1 short sword of venom (weapon)
Missiles
 e - a throwing net
Armour
 a - a +0 pair of gloves (melded)
Jewellery
 f - an amulet of faith (around neck)
Talismans
 b - a beast talisman (active)
 c - a flux talisman
Wands
 m - a wand of charming (2)
Scrolls
 i - a scroll of enchant weapon {unknown}
 j - a scroll of blinking
 k - 2 scrolls of fog
 l - a scroll of immolation
Potions
 g - a potion of brilliance


   Skills:
 * Level 8.0 Fighting
 - Level 1.7 Dodging
 * Level 7.9 Unarmed Combat
 - Level 3.0 Shapeshifting


You had 7 spell levels left.
You didn't know any spells.
Your spell library contained the following spells:

 Spells                   Type           Power      Damage    Failure   Level
 Necrotise                Necr           0%         1d4       36%         1
 Static Discharge         Conj/Air       0%         2-2/arc   50%         2
 Frozen Ramparts          Ice            0%         1d1       75%         3
 Summon Guardian Golem    Hex/Summ       0%         N/A       75%         3
 Vampiric Draining        Necr           0%         2d6       75%         3
 Airstrike                Air            0%         2d(0-16)  98%         4
 Petrify                  Tmut/Erth      0%         N/A       98%         4
 Summon Lightning Spire   Summ/Air       0%         N/A       98%         4
 Agony                    Necr           0%         N/A       100%        5
 Metabolic Englaciation   Hex/Ice        0%         N/A       100%        5
 Orb of Destruction       Conj           0%         9d5       100%        7
 Spellforged Servitor     Conj/Summ      0%         N/A       100%        7


Dungeon Overview and Level Annotations

Branches:
Dungeon (6/15)             Temple (1/1) D:5

Altars:
Ashenzari
Cheibriados
Dithmenos
Elyvilon
Fedhas
Gozag
Hepliaklqana
Kikubaaqudgha
Makhleb
Nemelex Xobeh
Okawaru
Qazlal
Ru
Sif Muna
Trog
Uskayaw
Vehumet
Wu Jian
Yredelemnul
Zin
The Shining One


Innate Abilities, Weirdness & Mutations

You are a hulking beast.
Your limbs bulge with bestial killing power. (Slay +1)
You can breathe wild blasts of lightning.
Your glossy black scales are hard. (AC +6)
You cannot fit into any form of body armour.
You are resistant to electric shocks. (rElec)
You are cold-blooded and may be slowed by cold attacks.


Message History

The orc warrior is almost dead.
You kill the orc warrior!
The orc barely misses you.
The white imp disappears for a moment.
The white imp hits you. The white imp freezes you.
A gargoyle comes into view. It is wielding a +0 flail.
Your Fighting skill increases to level 8!
Okay, then.
As you read the scroll labelled YZAWOUQ PUCAK, it crumbles to dust.
A profound silence engulfs you.
It was a scroll of silence.
The orc hits you but does no damage. The white imp closely misses you.
Magic scrolls do not work when you're silenced!
Okay, then.
You barely miss the orc. The orc barely misses you.
The white imp closely misses you.
You closely miss the orc. The orc closely misses you.
The white imp gestures at you. The puff of frost hits you!
* * * LOW HITPOINT WARNING * * *
You hit the orc. You tail-slap the orc.
You kill the orc!
The white imp gestures at you. The puff of frost misses you.
You can now pass through a line of other dancers.
Okay, then.
The white imp attacks as it pursues you!
The white imp hits you.
* * * LOW HITPOINT WARNING * * *
The white imp freezes you.
You feel yourself slow down.
* * * LOW HITPOINT WARNING * * *
The white imp closely misses you.
You feel yourself speed up. The gargoyle attacks as it pursues you!
The gargoyle misses you.
You can no longer pass through a line of other dancers.
The gargoyle hurls a stone arrow at you.
The stone arrow hits you!
* * * LOW HITPOINT WARNING * * *
The gargoyle hurls a stone arrow at you.
The stone arrow hits you!
You die...

#### #####
#~~~###~~~#
#~~#~~#~#
#~~~##~#
##'##~~#
#.#~~##
##.##~#####
#.~)#~....#
##h##~~~~.#
#.~.#~~#~.#
##.##~##~.#
##5.9###~~.#
#.#.#.#~~..#
#..#.##~...#
#~#..~#~.#.##
##..#.#~.#..#
#).~.##~.##.#


You could see a gargoyle and a white imp.

Vanquished Creatures
  Edmund (D:5)
  2 orc warriors (D:6)
  4 ogres
  A kobold brigand (D:6)
  A scorpion (D:4)
  A killer bee (D:4)
  2 hounds (D:4)
  A jelly (D:5)
  A gnoll bouda (D:5)
  4 orc priests
  2 iguanas
  An orc wizard (D:5)
  7 gnolls
  7 adders
  A shadow imp (D:6)
  An ufetubus (D:4)
  2 worms
  5 dart slugs
  10 orcs
  3 ball pythons
  A bat (D:1)
  8 endoplasms
  3 giant cockroaches
  12 goblins
  7 hobgoblins
  2 jackals
  6 quokkas
  4 frilled lizards
  10 kobolds
  6 rats
116 creatures vanquished.

Notes
Turn   | Place    | Note
-------+----------+-------------------------------------------
     0 | D:1      | rageheart7 the Draconian Shapeshifter began the quest for
                  | the Orb.
     0 | D:1      | Reached XP level 1. HP: 16/16 MP: 1/1
   130 | D:1      | Reached XP level 2. HP: 24/24 MP: 2/2
   155 | D:1      | Reached skill level 2 in Fighting
   939 | D:2      | Reached XP level 3. HP: 30/30 MP: 3/3
  1650 | D:3      | Reached skill level 3 in Fighting
  1716 | D:3      | Found a faded altar of an unknown god.
  1743 | D:3      | Found a sparkling altar of Nemelex Xobeh.
  1749 | D:3      | Found a radiant altar of Vehumet.
  1752 | D:3      | Found a burning altar of Makhleb.
  1882 | D:3      | Reached XP level 4. HP: 38/38 MP: 4/4
  2691 | D:4      | Noticed a scorpion
  2701 | D:4      | Killed a scorpion
  2702 | D:4      | Reached skill level 4 in Fighting
  2702 | D:4      | Reached XP level 5. HP: 46/46 MP: 5/5
  2820 | D:4      | Reached skill level 5 in Unarmed Combat
  3005 | D:4      | Reached XP level 6. HP: 45/53 MP: 6/6
  3072 | D:4      | Reached skill level 5 in Fighting
  3364 | D:5      | Entered Level 5 of the Dungeon
  3409 | D:5      | Noticed Edmund
  3632 | D:5      | Your scales start taking on a glossy black colour.
  3632 | D:5      | Reached XP level 7. HP: 17/62 MP: 7/7
  3632 | D:5      | Gained mutation: You are resistant to electric shocks.
                  | (rElec) [Black Draconian growth]
  3632 | D:5      | Killed Edmund
  3633 | D:5      | Reached skill level 6 in Fighting
  4231 | D:5      | Found a staircase to the Ecumenical Temple.
  4618 | Temple   | Entered the Ecumenical Temple
  4710 | Temple   | Became a worshipper of Uskayaw the Reveller
  4820 | D:6      | Reached * piety under Uskayaw
  4822 | D:6      | Reached skill level 7 in Fighting
  4904 | D:6      | Reached ** piety under Uskayaw
  4912 | D:6      | Reached *** piety under Uskayaw
  4914 | D:6      | Reached **** piety under Uskayaw
  4915 | D:6      | Reached XP level 8. HP: 16/73 MP: 8/8
  4917 | D:6      | Reached ***** piety under Uskayaw
  5192 | D:6      | Found an ancient bone altar of Kikubaaqudgha.
  5326 | D:6      | Noticed a gargoyle
  5327 | D:6      | Reached skill level 8 in Fighting
  5336 | D:6      | HP: 3/74 [gargoyle/stone arrow (17)]
  5338 | D:6      | Killed from afar by a gargoyle

Illustrated notes

Levels and vault maps discovered:
D:1:      eino_arrival_cavern_e, layout_loops_ring, minmay_heptomino_h4
D:2:      layout_basic, minmay_misc_feat_five, kennysheep_boxes
D:3:      layout_basic, minmay_overflow_temple_star_quad,
          ebering_ecumenical_altar_webs, chequers_serial_rivers_marsh
D:4:      layout_basic, minmay_pentangle
D:5:      layout_loops_cross, temple_hall, uniq_edmund
D:6:      layout_loops_cross, amcnicky_altar_gilded, minmay_manual_mullet
Temple:   minmay_temple_bridge_d

Skill      XL: |  1  2  3  4  5  6  7  8 |
---------------+-------------------------+-----
Fighting       | 2 3 4 5 7 8 |  8.0
Unarmed Combat | 4 5 6 7 |  7.9
Dodging        | |  1.7
Shapeshifting  | |  3.0

Action                     |  1- 3 |  4- 6 |  7- 9 || total
---------------------------+-------+-------+-------++-------
  Melee: Unarmed           |    28 |       |       ||    28
         Tailslap          |     6 |    24 |    19 ||    49
         Short sword       |    75 |   157 |   101 ||   333
         Punch             |     1 |     4 |     6 ||    11
Ability: Breathe Lightning |       |       |     2 ||     2
    Use: Scroll            |     4 |     2 |     1 ||     7
         Potion            |       |     4 |     4 ||     8
   Stab: Sleeping          |     1 |       |       ||     1
 Armour: Skin              |    37 |    86 |    73 ||   196
  Dodge: Dodged            |    53 |    94 |    68 ||   215
         Form:             |       |     1 |       ||     1
         Beast             |       |     1 |       ||     1

Table legend: (Time is in decaauts)
 A = Elapsed time spent in this place.
 B = Non-inter-level travel time spent in this place.
 C = Inter-level travel time spent in this place.
 D = Time resting spent in this place.
 E = Time spent auto-exploring this place.
 F = Levels seen in this place.
 G = Mean time per level.
                   A        B        C        D        E       F      G
               +--------+--------+--------+--------+--------+-----+--------+
         Total |   5340 |   5011 |    329 |      8 |   4114 |   7 |  762.9 |
       Dungeon |   5175 |   4989 |    186 |      8 |   4114 |   6 |  862.5 |
        Temple |    164 |     21 |    143 |      0 |      0 |   1 |  164.0 |
               +--------+--------+--------+--------+--------+-----+--------+

Top non-repeatable levels by time:
     D:4: 1252 daAuts
     D:5: 949 daAuts
     D:3: 847 daAuts
     D:1: 829 daAuts
     D:2: 757 daAuts
     D:6: 538 daAuts
  Temple: 164 daAuts
